Map: Turbo Cruise '84 LE

Players

TiPtOP - Winner!

  • Race: Terran Terran
  • League: Silver
  • Spawn Location: 3:00

Skeebopstop

  • Race: Protoss Protoss
  • League: Silver
  • Spawn Location: 7:00

VOD

Have the link to the VOD?

Description

Time

  • Played on: Aug. 20, 2019, 8:23 a.m.
  • Length: 19:17
Show
View Real Time Build Order
Export as new Build Order

TiPtOP Terran - Winner!

Build Orders: Mech 

Get SALT Encoding   

  12  0:01  SCV  
  13  0:13  SCV  
  14  0:18  Supply Depot  
  14  0:26  SCV  
  15  0:40  SCV  
  15  0:42  Barracks  
  16  0:52  SCV  
  16  0:57  Refinery  
  17  1:04  SCV  
  18  1:16  SCV  
  19  1:30  Orbital Command  
  19  1:37  Supply Depot  
  19  1:56  SCV  
  20  2:06  Command Center  
  20  2:07  Marine  
  21  2:11  SCV  
  22  2:24  SCV  
  22  2:29  Factory  
  23  2:34  Barracks Tech Lab  
  23  2:35  Refinery  
  23  2:39  SCV  
  24  2:45  Engineering Bay  
  24  2:51  SCV  
  25  3:06  Bunker  
  25  3:15  Missile Turret  
  25  3:33  Supply Depot  
  25  3:34  Orbital Command, Missile Turret  
  25  3:39  SCV  
  26  3:47  Factory  
  26  3:51  Factory, SCV  
  27  3:58  Armory  
  27  4:03  Supply Depot, SCV  
  27  4:07  Siege Tank  
  31  4:13  SCV  
  32  4:21  SCV  
  33  4:25  SCV  
  34  4:33  Supply Depot, SCV  
  34  4:38  SCV  
  36  4:45  SCV  
  35  4:57  Thor  
  40  5:30  SCV  
  40  5:31  Refinery  
  40  5:32  Refinery  
  41  5:40  Missile Turret  
  42  5:42  SCV  
  42  5:51  Factory Tech Lab  
  42  5:52  Supply Depot, Siege Tank  
  42  5:55  SCV  
  46  6:07  SCV  
  47  6:15  SCV  
  48  6:19  SCV  
  48  6:23  Command Center  
  48  6:24  Factory Reactor  
  49  6:27  SCV  
  49  6:32  Terran Vehicle Weapons Level 1  
  50  6:38  SCV  
  50  6:39  SCV  
  52  6:48  Hellbat x2  
  52  6:50  SCV  
  52  6:51  SCV  
  58  6:57  Supply Depot  
  58  7:00  Supply Depot  
  58  7:02  Armory  
  58  7:08  Thor  
  58  7:09  Thor  
  70  7:41  Hellbat  
  70  7:42  Hellbat  
  75  7:44  SCV  
  75  7:51  Thor x2  
  75  7:54  Supply Depot  
  75  7:56  SCV  
  88  8:00  Supply Depot  
  80  8:34  Thor  
  86  8:44  SCV  
  87  8:56  SCV  
  87  9:02  Hellbat x3  
  94  9:03  Infernal Pre-Igniter  
  94  9:08  SCV  
  91  9:17  Siege Tank  
  91  9:23  Hellbat  
  91  9:24  Hellbat x2  
  81  9:45  Supply Depot, Hellbat  
  83  9:46  Thor, Hellbat  
  83  9:47  Supply Depot  
  83  9:49  Thor  
  97  10:03  Command Center  
  97  10:05  Terran Vehicle Weapons Level 2  
  97  10:06  Hellion  
  99  10:08  Hellion  
  99  10:13  Supply Depot  
  101  10:14  Supply Depot  
  101  10:17  Missile Turret  
  101  10:20  Missile Turret  
  101  10:28  Hellbat  
  103  10:29  Hellbat  
  103  10:32  Thor  
  111  10:42  Planetary Fortress  
  111  10:50  Thor  
  117  11:13  SCV x2  
  117  11:15  Siege Tank  
  122  11:20  Hellion  
  122  11:25  SCV x2  
  123  11:27  Hellion  
  124  11:33  Siege Tank  
  124  11:36  Refinery  
  124  11:38  Refinery  
  127  11:43  Missile Turret  
  127  11:47  Thor  
  135  11:54  Hellbat x2  
  137  12:05  Thor  
  139  12:29  Thor  
  139  12:35  Terran Vehicle And Ship Armor Level 1, Terran Vehicle Weapons Level 3  
  145  12:44  Supply Depot  
  145  12:45  Supply Depot  
  145  12:47  Thor  
  145  12:48  Supply Depot  
  145  12:49  Supply Depot, Command Center  
  151  12:54  SCV  
  152  12:59  Sensor Tower  
  152  13:06  SCV  
  152  13:10  Orbital Command  
  152  13:12  Thor  
  153  13:14  Hellbat x2  
  153  13:18  SCV  
  164  13:30  Thor  
  170  13:51  SCV  
  171  14:03  SCV  
  171  14:04  Thor  
  171  14:05  Hellbat x2  
  182  14:13  Thor  
  182  14:14  Refinery  
  182  14:15  Refinery, SCV  
  189  14:27  SCV, Hellbat  
  192  14:40  SCV  
  193  14:50  Thor  
  183  15:07  Starport  
  183  15:10  Starport  
  183  15:12  Starport  
  173  15:23  Starport  
  173  15:27  Starport  
  137  15:45  Starport  
  137  15:47  Starport  
  137  15:51  Starport  
  137  16:15  Starport Tech Lab x2  
  137  16:16  Starport Tech Lab  
  135  16:20  Fusion Core  
  135  16:23  Starport Tech Lab  
  135  16:24  Starport Tech Lab  
  135  16:27  Starport Tech Lab x3  
  135  16:39  SCV  
  136  16:51  SCV  
  136  16:52  Planetary Fortress  
  137  17:03  SCV  
  137  17:07  Battlecruiser  
  137  17:08  Battlecruiser x2  
  156  17:09  Battlecruiser  
  156  17:10  Refinery  
  156  17:11  Refinery  
  156  17:15  SCV  
  163  17:27  SCV  
  163  17:29  SCV  
  165  17:41  SCV  
  165  17:43  SCV  
  167  17:53  SCV  
  167  17:55  SCV  
  169  18:06  SCV  
  169  18:07  SCV, Battlecruiser x3  
  183  18:18  SCV  
  183  18:19  SCV  
  173  18:31  SCV  
  174  18:37  SCV  
  175  18:44  SCV  
  170  18:49  SCV  
  165  19:01  SCV  
Show
View Real Time Build Order
Export as new Build Order

Skeebopstop Protoss 

Build Orders: Oracle Opening 

Get SALT Encoding   

  12  0:05  Probe  
  13  0:15  Probe  
  13  0:20  Pylon  
  14  0:27  Probe  
  15  0:34  Assimilator  
  15  0:39  Probe  
  16  0:44  Gateway  
  16  0:51  Probe  
  16  0:55  Assimilator  
  17  1:00  Probe  
  18  1:08  Probe  
  18  1:14  Pylon  
  18  1:18  Probe  
  20  1:30  Probe  
  21  1:35  Cybernetics Core  
  21  1:42  Probe  
  22  1:59  Nexus  
  22  2:13  Probe  
  22  2:15  Stalker  
  25  2:22  Stargate  
  25  2:27  Probe  
  26  2:36  Warp Gate  
  26  2:45  Stalker  
  28  2:54  Assimilator  
  28  2:57  Pylon  
  28  2:59  Probe  
  28  3:00  Oracle  
  28  3:04  Pylon  
  29  3:11  Probe  
  33  3:18  Stalker  
  35  3:27  Gateway, Probe  
  36  3:35  Probe  
  36  3:38  Shield Battery  
  37  3:48  Stalker  
  39  4:13  Probe  
  39  4:15  Robotics Facility  
  39  4:17  Pylon  
  39  4:18  Probe  
  39  4:19  Assimilator  
  39  4:21  Probe  
  41  4:26  Stalker x2  
  41  4:30  Probe  
  47  5:15  Stalker x2  
  47  5:18  Warp Prism  
  53  5:24  Twilight Council  
  53  5:30  Pylon  
  53  5:35  Gateway x2  
  53  5:36  Oracle  
  56  5:51  Stalker  
  56  5:52  Stalker  
  60  5:58  Blink  
  57  6:27  Immortal  
  57  6:30  Stalker x2  
  65  6:33  Probe  
  66  6:41  Probe  
  67  6:52  Probe  
  67  6:53  Probe  
  67  6:54  Forge  
  69  7:04  Shield Battery, Probe  
  69  7:05  Probe  
  69  7:08  Pylon  
  73  7:26  Immortal  
  72  7:41  Stalker x3  
  72  7:43  Stalker  
  80  7:54  Charge  
  80  7:59  Pylon  
  80  8:01  Gateway  
  80  8:05  Gateway  
  80  8:06  Gateway  
  80  8:07  Gateway  
  80  8:11  Probe x2  
  81  8:19  Probe, Nexus  
  82  8:22  Pylon  
  82  8:25  Pylon  
  81  8:29  Probe, Assimilator  
  81  8:32  Assimilator  
  81  8:33  Zealot x3  
  88  8:37  Pylon  
  88  8:55  Stalker  
  88  8:56  Stalker x3  
  82  9:20  Stalker x3  
  82  9:21  Stalker  
  62  9:45  Probe  
  62  9:46  Shield Battery  
  62  9:47  Probe x2  
  62  9:48  Photon Cannon  
  65  9:53  Probe  
  65  9:56  Shield Battery  
  65  9:59  Probe x2  
  68  10:02  Photon Cannon  
  68  10:03  Shield Battery  
  68  10:04  Probe  
  68  10:05  Protoss Ground Weapons Level 1  
  69  10:09  Zealot x3  
  69  10:11  Probe x2, Sentry  
  79  10:24  Probe  
  80  10:33  Stalker x2  
  80  10:34  Stalker x2  
  86  10:45  Probe  
  86  10:48  Immortal  
  87  10:53  Probe  
  87  11:03  Probe  
  93  11:15  Probe  
  93  11:16  Pylon  
  94  11:19  Pylon  
  94  11:22  Photon Cannon  
  94  11:28  Observer  
  94  11:29  Pylon  
  95  11:32  Photon Cannon  
  95  11:35  Photon Cannon  
  95  11:38  Photon Cannon  
  95  11:40  Pylon  
  95  11:41  Stalker x2  
  95  11:42  Stalker  
  95  11:45  Sentry x3  
  107  11:49  Immortal  
  111  11:55  Shield Battery  
  111  11:57  Shield Battery  
  111  12:02  Probe x2  
  111  12:04  Photon Cannon  
  111  12:06  Photon Cannon  
  113  12:10  Pylon  
  113  12:14  Protoss Ground Armor Level 1  
  113  12:26  Photon Cannon  
  113  12:29  Photon Cannon  
  113  12:32  Fleet Beacon  
  113  12:36  Stargate  
  113  12:39  Stargate  
  113  12:55  Zealot x4  
  113  12:56  Zealot x3  
  127  13:09  Zealot  
  129  13:15  Zealot x3  
  129  13:16  Zealot x4  
  127  13:29  Tempest  
  127  13:32  Tempest  
  137  13:37  Tempest  
  142  13:48  Photon Cannon  
  142  13:53  Pylon  
  142  13:59  Nexus  
  142  14:03  Pylon  
  142  14:05  Pylon, Probe  
  142  14:07  Assimilator  
  142  14:09  Probe x2  
  145  14:17  Probe  
  145  14:19  Stalker x2  
  145  14:20  Stalker  
  145  14:22  Protoss Shields Level 1  
  152  14:25  Sentry x4  
  160  14:39  Tempest  
  160  14:41  Immortal  
  169  14:55  Photon Cannon  
  169  14:58  Pylon  
  167  15:03  Zealot  
  167  15:04  Zealot x3  
  140  15:14  Zealot  
  140  15:15  Zealot x3  
  140  15:21  Observer  
  141  15:26  Tempest  
  92  15:40  Zealot x5  
  92  15:41  Zealot  
  84  15:46  Zealot x2  
  79  16:01  Zealot x4  
  79  16:10  Zealot  
  79  16:11  Zealot x2  
  64  16:30  Tempest  
  64  16:31  Tempest  
  74  16:35  Stalker x2  
  78  16:42  Stalker  
  78  16:43  Stalker  
  78  16:46  Sentry  
  84  16:47  Sentry  
  84  16:52  Stalker  
  88  16:55  Stalker  
  90  17:14  Shield Battery  
  90  17:17  Shield Battery  
  69  17:38  Tempest x3  
  79  17:53  Stalker x2  
  79  17:54  Stalker x3  
  82  18:09  Stalker x2  
  66  18:26  Stalker x2  
  66  18:27  Stalker  
Tags
 
Add a new tag
Caveats
  • Supply blocks, unpowered buildings, or Contaminate may cause inaccurate times.
  • Supply counts are checked every 10 seconds.